Map: 나이트쉐이드 - 래더

Players

INnoVation - Winner!

  • Race: Terran Terran
  • Spawn Location: 11:00

AgoElazer (Elazer)

  • Race: Zerg Zerg
  • Spawn Location: 5:00

Event: StayAtHomestory Cup #1

VOD

Have the link to the VOD?

Description

Time

  • Played on: April 11, 2020, 4:09 p.m.
  • Length: 15:22

All games in this series

Show
View Real Time Build Order
Export as new Build Order

INnoVation Terran - Winner!

Build Orders: Reaper Expand, Hellion Banshee 

Get SALT Encoding   

  12  0:00  SCV  
  13  0:12  SCV  
  14  0:17  Supply Depot  
  14  0:24  SCV  
  15  0:38  SCV  
  15  0:41  Barracks  
  16  0:44  Refinery  
  16  0:51  SCV  
  17  1:03  SCV  
  18  1:15  SCV  
  19  1:27  Reaper, Orbital Command  
  20  1:39  Command Center  
  20  1:49  Supply Depot  
  20  1:53  SCV  
  21  1:59  Marine  
  22  2:05  SCV  
  23  2:08  Factory  
  23  2:14  Refinery  
  23  2:17  SCV  
  23  2:20  Barracks Reactor  
  24  2:29  SCV  
  25  2:42  SCV  
  26  2:50  Orbital Command  
  26  2:53  Starport  
  26  2:54  SCV  
  27  3:01  Hellion x2  
  27  3:05  Bunker, Barracks Tech Lab  
  31  3:07  SCV  
  32  3:19  SCV  
  33  3:24  Hellion  
  33  3:26  Hellion  
  37  3:35  SCV  
  37  3:37  Cloaking Field, Banshee  
  37  3:39  SCV  
  37  3:41  Supply Depot  
  42  3:45  Barracks Tech Lab  
  42  3:52  Supply Depot  
  42  3:53  SCV x2  
  44  3:59  Hellion  
  48  4:03  Hellion  
  48  4:05  SCV x2  
  48  4:09  Supply Depot  
  50  4:10  Stimpack  
  49  4:20  Banshee  
  49  4:24  SCV x2  
  50  4:27  Hellion x2  
  50  4:30  Marine  
  48  4:38  SCV  
  48  4:39  SCV  
  50  4:51  Command Center  
  50  5:01  Barracks  
  50  5:02  SCV x2  
  52  5:09  Marine  
  52  5:12  Barracks  
  52  5:14  SCV x2  
  55  5:15  Starport Reactor  
  55  5:19  Engineering Bay x2  
  55  5:26  SCV x2  
  55  5:28  Marine  
  57  5:32  Supply Depot  
  57  5:33  Refinery  
  57  5:34  Refinery  
  57  5:35  Siege Tank  
  61  5:40  SCV x2  
  63  5:48  Marine  
  63  5:49  Marine  
  65  5:51  Terran Infantry Weapons Level 1, Terran Infantry Armor Level 1  
  65  5:53  SCV x2  
  68  5:59  Starport Reactor  
  67  6:05  Orbital Command  
  67  6:06  SCV x2  
  67  6:08  Combat Shield, Marine x3  
  72  6:11  Marine, Siege Tank  
  72  6:12  Marine  
  74  6:26  Marine x3  
  74  6:27  SCV x2  
  74  6:28  Orbital Command  
  74  6:29  Marine  
  80  6:33  Marine  
  80  6:36  Medivac x2  
  85  6:40  Supply Depot  
  85  6:43  SCV x2, Marine, Siege Tank  
  85  6:44  Supply Depot, Marine x2  
  93  6:50  Supply Depot  
  93  7:01  SCV, Marine, Barracks  
  93  7:02  Barracks  
  93  7:04  Marine  
  93  7:05  Marine x3  
  93  7:07  Armory, Supply Depot  
  99  7:13  SCV  
  99  7:14  SCV x2  
  102  7:16  Siege Tank  
  102  7:18  Medivac x2  
  109  7:24  Supply Depot  
  109  7:26  SCV x3  
  112  7:30  Supply Depot, Marine x5  
  117  7:39  SCV x2  
  117  7:40  SCV  
  117  7:42  Supply Depot  
  120  7:48  Siege Tank  
  123  7:51  SCV  
  123  7:52  SCV x2  
  123  7:58  Terran Infantry Weapons Level 2  
  126  8:00  Terran Infantry Armor Level 2  
  126  8:04  SCV x3  
  126  8:05  Barracks Reactor  
  129  8:11  Barracks Reactor, Marine x3  
  129  8:12  Marine x2  
  134  8:16  SCV x3  
  134  8:17  Refinery x2  
  134  8:19  Supply Depot  
  137  8:22  Siege Tank  
  140  8:29  Marine  
  140  8:32  Marine x4  
  145  8:45  Marine x2  
  145  8:47  Marine  
  141  8:50  SCV x3, Marine x3  
  139  8:59  Siege Tank  
  139  9:00  Medivac x2, Factory  
  139  9:01  Command Center, Marine x2  
  139  9:02  Marine  
  149  9:03  Marine x2  
  149  9:09  SCV x2  
  153  9:10  SCV  
  153  9:13  Supply Depot  
  154  9:17  Marine x3  
  157  9:24  Supply Depot  
  157  9:26  Marine  
  157  9:27  Supply Depot  
  157  9:34  Marine x4  
  157  9:37  Siege Tank  
  161  9:43  Medivac x2  
  161  9:44  Factory Tech Lab  
  163  9:47  Terran Vehicle Weapons Level 1, Marine  
  163  9:48  Marine x2  
  165  9:55  Sensor Tower  
  165  9:56  Supply Depot, Marine x6  
  171  10:04  Siege Tank  
  171  10:05  Marine x3  
  177  10:10  Siege Tank  
  177  10:14  Marine x4  
  181  10:22  Terran Infantry Weapons Level 3, Terran Infantry Armor Level 3  
  181  10:32  Medivac x2, Marine x2  
  181  10:33  Marine x2  
  189  10:37  Marine x2  
  189  10:40  Planetary Fortress  
  167  10:55  Siege Tank x2  
  141  10:57  Marine  
  141  10:58  Marine x8  
  150  11:04  SCV  
  150  11:05  SCV x2  
  150  11:10  Medivac x2  
  157  11:15  Marine x2  
  157  11:16  Marine x3  
  157  11:18  Sensor Tower  
  162  11:20  Marine  
  162  11:21  Marine x3  
  162  11:23  SCV x2  
  168  11:28  Siege Tank  
  168  11:29  Siege Tank  
  174  11:33  Marine x3  
  175  11:42  Marine  
  175  11:43  Marine x5  
  169  11:51  Liberator x2  
  169  11:52  Marine x3  
  178  12:00  Marine x6  
  176  12:07  Orbital Command  
  167  12:09  Marine  
  167  12:10  Marine x2  
  169  12:24  Supply Depot x2  
  169  12:26  Supply Depot  
  169  12:30  Supply Depot  
  169  12:31  Orbital Command  
  169  12:32  Supply Depot  
  155  12:48  Marine  
  156  12:52  SCV x2, Marine x6  
  156  12:53  SCV, Marine x2, Siege Tank  
  156  12:54  Supply Depot x2  
  156  12:57  SCV, Siege Tank  
  168  13:04  SCV  
  157  13:06  Marine  
  157  13:07  SCV x2  
  157  13:08  Medivac  
  157  13:09  SCV, Medivac  
  157  13:10  Marine x6  
  157  13:11  Marine  
  172  13:15  Supply Depot  
  172  13:16  Supply Depot, Marine  
  170  13:23  Marine  
  170  13:25  SCV x4, Siege Tank  
  172  13:27  Marine x6  
  172  13:29  Marine, Siege Tank  
  172  13:37  SCV  
  172  13:38  SCV  
  172  13:39  SCV x2  
  171  13:45  Marine x8  
  171  13:47  Marine  
  171  14:03  Marine x8  
  171  14:04  Marine  
  179  14:15  Siege Tank  
  179  14:21  Marine x8  
  179  14:22  Marine  
  179  14:23  Liberator  
  190  14:24  SCV x2  
  190  14:25  SCV  
  190  14:29  Liberator  
  196  14:38  Marine  
  196  14:39  Marine x3  
  199  15:00  Marine  
  199  15:03  Marine  
Show
View Real Time Build Order
Export as new Build Order

AgoElazer Zerg 

Build Orders: Pool First 

Get SALT Encoding   

  12  0:00  Drone  
  13  0:12  Overlord  
  13  0:16  Drone  
  14  0:31  Drone x2  
  16  0:36  Drone  
  17  0:45  Spawning Pool  
  17  0:48  Drone  
  17  0:56  Drone  
  18  1:10  Hatchery  
  17  1:11  Extractor  
  17  1:14  Drone  
  17  1:18  Drone  
  18  1:31  Queen  
  18  1:32  Zergling x2  
  21  1:39  Drone  
  22  1:44  Roach Warren  
  21  1:50  Overlord  
  21  2:02  Drone  
  22  2:11  Queen  
  24  2:25  Roach x3  
  30  2:34  Drone x2  
  32  2:42  Drone x3  
  35  2:46  Drone, Metabolic Boost  
  35  2:50  Overlord  
  36  3:07  Hatchery  
  36  3:10  Drone  
  36  3:14  Drone x2  
  36  3:17  Drone  
  36  3:18  Drone  
  40  3:24  Overlord  
  40  3:26  Drone  
  41  3:39  Zergling x6  
  44  3:44  Zergling x10  
  44  3:48  Queen  
  51  3:53  Zergling x2  
  51  3:55  Overlord  
  52  4:14  Overlord  
  52  4:15  Drone x8  
  55  4:24  Drone  
  55  4:27  Drone x4  
  59  4:35  Lair  
  57  4:43  Queen  
  57  4:44  Overlord  
  59  4:46  Drone x2  
  59  4:49  Drone  
  62  4:53  Overlord  
  62  4:54  Drone  
  62  4:56  Drone  
  62  4:59  Drone  
  65  5:04  Drone x4  
  65  5:06  Spore Crawler  
  68  5:07  Drone  
  68  5:08  Drone  
  68  5:11  Overlord  
  68  5:13  Drone  
  71  5:19  Queen  
  71  5:20  Spore Crawler  
  72  5:22  Drone x2  
  72  5:24  Drone  
  72  5:25  Drone  
  72  5:26  Drone  
  77  5:32  Overseer  
  77  5:33  Overlord  
  77  5:38  Overlord  
  77  5:41  Overlord  
  76  5:44  Zergling x6  
  76  5:48  Overlord  
  76  5:49  Queen  
  76  5:50  Drone  
  76  5:51  Drone x3  
  76  5:54  Drone x3  
  76  5:55  Drone  
  76  5:56  Drone  
  85  6:07  Drone x5  
  90  6:14  Overlord  
  90  6:16  Extractor  
  90  6:17  Extractor  
  85  6:18  Drone  
  85  6:19  Drone  
  85  6:23  Evolution Chamber  
  85  6:24  Evolution Chamber, Drone  
  85  6:25  Drone, Baneling Nest  
  80  6:29  Drone  
  80  6:31  Extractor  
  80  6:34  Drone x4  
  84  6:42  Drone  
  84  6:43  Hatchery  
  84  6:44  Drone x2  
  86  6:50  Drone  
  86  6:52  Zerg Melee Weapons Level 1  
  86  6:53  Zerg Ground Armor Level 1  
  86  6:59  Overlord  
  86  7:04  Extractor  
  86  7:05  Overlord  
  86  7:06  Drone x5  
  90  7:09  Overlord, Centrifical Hooks  
  90  7:12  Drone x3  
  90  7:13  Drone  
  90  7:14  Zergling x4  
  96  7:16  Ravager x3  
  99  7:24  Drone x2, Extractor  
  99  7:25  Overlord  
  99  7:27  Baneling x2  
  99  7:28  Baneling x2  
  100  7:33  Zergling x10  
  105  7:37  Baneling x2  
  105  7:38  Zergling x8  
  105  7:43  Zergling x10  
  114  7:47  Overlord  
  115  7:59  Overlord  
  115  8:02  Zergling x4  
  116  8:05  Hatchery  
  116  8:11  Drone  
  116  8:12  Drone x2  
  118  8:13  Hydralisk Den  
  118  8:15  Baneling  
  118  8:16  Zergling x2, Baneling x12  
  118  8:17  Zergling x4  
  118  8:18  Zergling x16  
  128  8:21  Baneling  
  128  8:22  Hatchery  
  128  8:25  Baneling  
  128  8:26  Baneling x3  
  127  8:31  Zergling x6  
  127  8:38  Zergling x2  
  127  8:39  Zergling x2  
  127  8:44  Zergling x2  
  127  8:47  Zerg Ground Armor Level 2, Zerg Melee Weapons Level 2  
  126  8:49  Zergling x6  
  120  8:56  Zergling x10  
  120  8:58  Burrow  
  120  9:01  Zergling x2  
  120  9:02  Zergling x2  
  127  9:05  Zergling x2  
  127  9:06  Hatchery  
  127  9:12  Zergling x4  
  127  9:13  Grooved Spines  
  129  9:19  Hydralisk  
  129  9:20  Hydralisk x4  
  139  9:24  Zergling x10  
  139  9:29  Zergling x2  
  139  9:30  Zergling x6  
  148  9:38  Overlord  
  145  9:43  Overlord  
  145  9:44  Zergling x12  
  139  9:59  Hydralisk x9  
  141  10:06  Baneling x16  
  141  10:07  Baneling x2  
  155  10:12  Zergling x12  
  160  10:25  Zergling x20, Muscular Augments  
  170  10:31  Zergling x12  
  171  10:43  Zergling x12  
  157  10:53  Zergling x10  
  154  10:59  Infestation Pit  
  148  11:06  Hatchery  
  148  11:07  Zergling x10  
  148  11:10  Queen x2  
  156  11:17  Overlord  
  155  11:19  Zergling x8  
  155  11:21  Baneling x20  
  159  11:27  Zergling x20  
  159  11:31  Zergling x6  
  165  11:43  Zergling x10  
  165  11:46  Zergling x6  
  160  11:55  Zergling x16  
  160  11:58  Hatchery  
  163  12:04  Zergling x16  
  166  12:15  Overlord, Hive  
  163  12:19  Baneling x2  
  163  12:21  Zergling x10  
  168  12:27  Zergling x12  
  164  12:37  Zergling x12  
  164  12:41  Baneling x9  
  169  12:48  Overlord  
  169  12:49  Zergling x6  
  160  13:04  Baneling x11  
  132  13:06  Zergling x10  
  137  13:14  Drone x3  
  131  13:27  Zergling x22  
  131  13:28  Zergling x6  
  135  13:35  Zergling x8  
  135  13:41  Viper x2  
  135  13:43  Viper  
  138  13:56  Zergling x20  
  130  14:18  Zergling x22  
  141  14:27  Zergling x2  
  141  14:41  Hatchery  
  141  14:42  Hydralisk x2  
  139  15:03  Zergling x22  
  139  15:04  Baneling  
  139  15:05  Baneling x2  
Tags
 
Add a new tag
Caveats
  • Supply blocks, unpowered buildings, or Contaminate may cause inaccurate times.
  • Supply counts are checked every 10 seconds.